cohdb
Replays
Latest Replays
All Replays
Popular Replays
Top Player Replays
Match Explorer
How It Works
Community
CoH3 Stats
Reddit
Sign in to upload your games and track your stats! →
Sign in with Steam
Match 45166535
Unlisted
Match 45166535
Overview
Messages
Build Orders
End
Construct Infanterie Kompanie
Selects Terror Battlegroup
Selects Machine Gun Camouflage
MG 42 Machine Gun Team
Sniper
Construct Luftwaffe Kompanie
Jäger Squad
Jäger Squad
221 Scout Car
Medical Bunker
GrW 34 Mortar Team
Construct Panzer Kompanie
Jäger Squad
Jäger Squad
221 Scout Car
Selects No Quarter
Side Skirts
Stoßtruppen Squad
Jäger Squad
Jäger Squad
Pioneer Squad
Medical Bunker
Jäger Squad
Jäger Squad
Selects King Tiger Heavy Tank
King Tiger Heavy Tank
Pioneer Squad
Medical Bunker
Jäger Squad
Señor Vac
没手感
ᴄᴏᴍᴇᴛʟᴀᴅx¹
wlfsen
dinamix.fr
seb
mattcoomber
Ursa Major
0
0
Comments
sign in to comment!
No comments posted yet!